 Dungeon Crawl Stone Soup version 0.31-a0-435-g2c6fae2916 (webtiles) character file.

Game seed: 7286779507713852333

162996 Hubris850 the Severer (level 17, -4/139 HPs)
             Began as a Hill Orc Fighter on July 31, 2023.
             Was a High Priest of Nemelex Xobeh.
             Killed from afar by an ice dragon (30 damage)
             ... with a blast of cold
             ... on level 4 of the Swamp on Aug 1, 2023.
             The game lasted 01:54:12 (31199 turns).

Hubris850 the Severer (Hill Orc Fighter)           Turns: 31199, Time: 01:54:14

Health: -4/139     AC: 37    Str: 23      XL:     17   Next: 82%
Magic:  0/28       EV: 11    Int: 11 (13) God:    Nemelex Xobeh [*****.]
Gold:   1988       SH: 30    Dex: 14      Spells: 16/16 levels left

rFire   + . .        A - +7 broad axe (freeze)
rCold   . . .        K - +4 tower shield of the Solstice {Harm Stlth+}
rNeg    . . .        t - +9 plate armour "Uzeuptes" {Slay+5 Stlth+}
rPois   +            b - +2 helmet
rElec   .            W - +2 cloak {rF+}
rCorr   .            Q - +2 pair of gloves of Yredelemnul's Respect {+Blink rF- Int+3 Dex+2}
SInv    .            T - +1 pair of boots of the Blue Moon {rF+ Will+++ Str-2 Slay+2}
Will    ++++.        k - amulet of reflection Stlth
                     r - +5 ring of evasion
HPRegen 0.43/turn    J - ring "Qocal" {Wiz Fly rPois Int+2 Slay+3}
MPRegen 0.21/turn

%: harm (+30% outgoing, +20% incoming), reflection, wizardry (x1)
@: about to teleport, flying
A: no striking features
a: Renounce Religion, Evoke Blink, Draw Escape, Draw Destruction, Draw
Summoning, Triple Draw, Deal Four, Stack Five


You were on level 4 of the Swamp.
You worshipped Nemelex Xobeh.
Nemelex Xobeh was extremely pleased with you.
You visited 5 branches of the dungeon, and saw 27 of its levels.
You also visited: Bailey, Gauntlet and Volcano.

You collected 3549 gold pieces.
You spent 1561 gold pieces at shops.

Inventory:

Hand Weapons
 A - a +7 broad axe of freezing (weapon)
 H - a +10 battleaxe
 Y - the +6 shillelagh "Devastator" {shatter}
   (You found it on level 1 of the Lair of Beasts)
Missiles
 e - 24 boomerangs (quivered)
 j - 6 curare-tipped darts
 M - 65 poisoned darts
 N - 6 javelins
Armour
 b - a +2 helmet (worn)
 t - the +9 plate armour "Uzeuptes" (worn) {Slay+5 Stlth+}
   (You found it on level 9 of the Dungeon)

   Slay:      It affects your accuracy & damage with ranged weapons and melee
   (+5).
   Stlth:     It makes you more stealthy.
 v - a scarf of invisibility
 K - the +4 tower shield of the Solstice (worn) {Harm Stlth+}
   (You bought it in a shop on level 2 of the Orcish Mines)

   Harm:      It increases damage dealt and taken.
   Stlth:     It makes you more stealthy.
 Q - the +2 pair of gloves of Yredelemnul's Respect (worn) {+Blink rF- Int+3 Dex+2}
   (You found it on level 3 of the Swamp)

   Int:       It affects your intelligence (+3).
   Dex:       It affects your dexterity (+2).
   rF:        It makes you vulnerable to fire.
   +Blink:    It lets you blink.
 R - a +1 pair of gloves
 T - the +1 pair of boots of the Blue Moon (worn) {rF+ Will+++ Str-2 Slay+2}
   (You found it in a Gauntlet)

   Str:       It affects your strength (-2).
   Slay:      It affects your accuracy & damage with ranged weapons and melee
   (+2).
   rF:        It protects you from fire.
   Will:      It greatly increases your willpower.
 U - the +5 kite shield of Ignis's Envy {rPois Will+}
   (You acquired it on level 8 of the Dungeon)

   rPois:     It protects you from poison.
   Will:      It increases your willpower.
 W - a +2 cloak of fire resistance (worn)
Jewellery
 c - a +6 ring of intelligence
 k - an amulet of reflection (around neck)
 r - a +5 ring of evasion (left hand)
 s - an amulet of faith
 x - a ring of resist corrosion
 J - the ring "Qocal" (right hand) {Wiz Fly rPois Int+2 Slay+3}
   (You acquired it in a bailey)

   [ring of wizardry]

   It improves your spell success rate.
   Int:       It affects your intelligence (+2).
   Slay:      It affects your accuracy & damage with ranged weapons and melee
   (+3).
   rPois:     It protects you from poison.
   Fly:       It grants you flight.
Talismans
 i - a granite talisman
 S - a blade talisman
Wands
 l - a wand of mindburst (19)
 m - a wand of roots (8)
 q - a wand of polymorph (27)
 y - a wand of acid (24)
 C - a wand of charming (13)
 I - a wand of flame (9)
 P - a wand of digging (17)
Scrolls
 a - a scroll of immolation
 f - 4 scrolls of fear
 w - a scroll of silence
 z - 17 scrolls of teleportation
 B - 13 scrolls of identify
 D - 4 scrolls of fog
 E - a scroll of poison
 G - 3 scrolls of amnesia
 L - 4 scrolls of blinking
 O - a scroll of revelation
Potions
 d - 3 potions of resistance
 g - 2 potions of magic
 h - 10 potions of curing
 o - a potion of cancellation
 p - 5 potions of heal wounds
 F - 5 potions of haste
 X - 2 potions of might
Miscellaneous
 n - a lightning rod (4/4)
 u - a phantom mirror


   Skills:
 - Level 9.9 Fighting
 - Level 20.0 Axes
 - Level 10.0 Throwing
 - Level 11.9 Armour
 + Level 19.1 Shields
 - Level 15.0 Invocations
 - Level 9.0 Evocations


You had 16 spell levels left.
You didn't know any spells.
Your spell library contained the following spells:

 Spells                   Type           Power      Damage    Failure   Level
 Foxfire                  Conj/Fire      0%         2x1d4     93%         1
 Freeze                   Ice            0%         1d3       93%         1
 Blink                    Tloc           0%         N/A       98%         2
 Cigotuvi's Dreadful Rot  Necr/Pois/Air  0%         N/A       98%         2
 Static Discharge         Conj/Air       0%         2-2/arc   98%         2
 Call Canine Familiar     Summ           0%         N/A       100%        3
 Frozen Ramparts          Ice            0%         1d1       100%        3
 Hailstorm                Conj/Ice       0%         3d3       100%        3
 Ignite Poison            Fire/Tmut/Pois 0%         N/A       100%        3
 Portal Projectile        Hex/Tloc       0%         N/A       100%        3
 Summon Guardian Golem    Hex/Summ       0%         N/A       100%        3
 Volatile Blastmotes      Fire/Tloc      0%         2d10      100%        3
 Airstrike                Air            0%         2d(0-16)  100%        4
 Animate Armour           Summ/Erth      0%         N/A       100%        4
 Animate Dead             Necr           0%         N/A       100%        4
 Fulminant Prism          Conj/Hex       0%         3d5       100%        4
 Iskenderun's Mystic Bla  Conj/Tloc      0%         2d3       100%        4
 Leda's Liquefaction      Hex/Erth       0%         N/A       100%        4
 Manifold Assault         Tloc           0%         N/A       100%        4
 Passage of Golubria      Tloc           0%         N/A       100%        4
 Sticky Flame             Conj/Fire      0%         2d3       100%        4
 Summon Lightning Spire   Summ/Air       0%         N/A       100%        4
 Fireball                 Conj/Fire      0%         3d3       100%        5
 Freezing Cloud           Conj/Ice/Air   0%         6-21      100%        5
 Lee's Rapid Deconstruct  Erth           0%         3d4*      100%        5
 Plasma Beam              Fire/Air       0%         2x1d10    100%        6
 Simulacrum               Ice/Necr       0%         N/A       100%        6
 Starburst                Conj/Fire      0%         6d3       100%        6
 Malign Gateway           Summ/Tloc      0%         N/A       100%        7
 Orb of Destruction       Conj           0%         9d5       100%        7
 Ozocubu's Refrigeration  Ice            0%         4d7       100%        7
 Spellforged Servitor     Conj/Summ      0%         N/A       100%        7
 Borgnjor's Revivificati  Necr           0%         N/A       100%        8
 Ignition                 Fire           0%         3d3       100%        8
 Polar Vortex             Ice            0%         N/A       100%        9


Dungeon Overview and Level Annotations

Branches:
Dungeon (15/15)            Temple (1/1) D:6            Lair (5/5) D:8
  Swamp (4/4) Lair:2        Snake (0/4) Lair:3        Slime (0/5) Lair:4
    Orc (2/2) D:12            Elf (0/3) Orc:2        Vaults (0/5) D:13
 Depths (0/4) D:15         Bailey (visited)         Volcano (visited)
Gauntlet (visited)

Altars:
Ashenzari
Cheibriados
Dithmenos
Elyvilon
Fedhas
Gozag
Hepliaklqana
Kikubaaqudgha
Makhleb
Nemelex Xobeh
Okawaru
Qazlal
Ru
Sif Muna
Trog
Uskayaw
Vehumet
Wu Jian
Xom
Yredelemnul
Zin
The Shining One
Beogh
Jiyva

Shops:
D:6 =*!=(   D:10 *   D:11 =   D:12 ?   Orc:2 ?[[*?*[*!

Portals:
Abyss: Orc:1


Message History

You miss something. You block the ice dragon's attack.
The ice dragon completely misses you. The ice dragon tramples you.
You hold your ground!
Something hits you!
* * * LOW HITPOINT WARNING * * *
You feel dopey. Something hits you.
* * * LOW HITPOINT WARNING * * *
Something stings you.
* * * LOW HITPOINT WARNING * * *
You feel dopey.
Unknown command.
Unknown command.
Blink to where?
Press: ? - help, Dir - move target, p - ice dragon
Found 21 gold pieces.
As you read the scroll of blinking, it crumbles to dust.
You see here 3 scrolls of teleportation.
z - 18 scrolls of teleportation (gained 3)
You feel you are being watched by something.
You feel your power leaking away.
You draw a card...
You have drawn the Orb.
Press: ? - help, Shift-Dir - straight line, f - ice dragon
Aim: an ice dragon (moderately wounded, misshapen and mutated, lightly drained)
You feel you are being watched by something.
You feel your power leaking away.
Unknown command.
As you read the scroll of teleportation, it crumbles to dust.
You feel strangely unstable.
You feel you are being watched by something.
You feel your power leaking away.
Found 9 gold pieces.
The orb of destruction hits the ice dragon!!!
The ice dragon is almost dead.
You feel you are being watched by something.
You feel your power leaking away. The ice dragon breathes frost at you.
The blast of cold hits something!
The blast of cold hits you!!
You die...
Your body glows slightly and disappears.

~~~~.♣.~~~$~~~.
~~~....~~~~~..~~
♣.....♣~$...~♣~~
♣~...♣..♣...♣~~♣
♣.....~...~..♣
♣♣.~~~~~~~..♣
♣~~~~~~~§~~♣ ♣.~§~~@~~!.#
♣♣.~~~~...~♣#
♣♣~.~~~...°~♣# ...
......~.~§.○~# ..#
.....~~~~~~○.♣♣# ...#
♣♣♣~.~~.♣.~☼D~# ..#
♣♣♣~~~.)~.~.[†.♣## D.#
♣~~~~~..~~.†.††D†##.##~~~
♣≈≈.~~.~~.♣~<♣♣♣.[†....~~


You could see an ice dragon (catching breath, misshapen, drained) and a
five-headed hydra.

Vanquished Creatures
  Mlioglotl (Swamp:1)
  Donald (Swamp:1)
  Louise (Swamp:2)
  An ironbound preserver (D:13)
  A very ugly thing (D:9)
  The ghost of Goigh the Thaumaturge, a journeyman GnWn of Vehumet (Orc:1)
  4 eleionomae
  2 minotaurs
  4 bunyips
  The ghost of rabbitsville the Destroyer, a journeyman HOCj of Sif Muna (Orc:2)
  An entropy weaver (D:13)
  3 shambling mangroves (Swamp:4)
  A yaktaur captain (D:13)
  13 hydras
  5 catoblepae
  An ogre mage (D:15)
  An alligator snapping turtle (Swamp:4)
  4 boulder beetles
  7 two-headed ogres
  10 centaur warriors
  2 death knights
  2 alligators
  A tengu warrior (D:14)
  10 death yaks
  A dancing weapon (Orc:2)
  An orc high priest (Orc:2)
  A thrashing horror (Orc:1)
  A hell knight (Volcano)
  A skeletal warrior (D:13)
  A fire crab (Gauntlet)
  Amaemon (Lair:1)
  4 spriggan druids
  6 goliath frogs
  A glowing orange brain (Orc:1)
  2 death drakes
  6 swamp dragons (Swamp:4)
  13 bog bodies
  2 necromancers
  2 spectral hydras (Swamp:2)
  4 lindwurms
  2 phantasmal warriors (Swamp:2)
  A harpy (Swamp:4)
  2 wizards
  3 large abominations
  4 goliath frog zombies (Swamp:2)
  7 orc sorcerers
  A wolf spider (D:9)
  12 ugly things
  4 manticores
  8 will-o-the-wisps
  An elephant (shapeshifter) (Orc:1)
  4 cyclopes
  13 elephants
  Maurice (D:8)
  3 naga magi (D:15)
  A spectral centaur (Gauntlet)
  3 torpor snails
  An ice statue (D:14)
  4 black mambas (Lair:5)
  An eye of devastation (Lair:4)
  An orange demon (Lair:1)
  2 gargoyles
  13 cane toads
  4 rime drakes
  5 swamp worm zombies (Swamp:2)
  A kobold demonologist (D:10)
  A tengu conjurer (D:14)
  7 komodo dragons
  2 rime drakes (shapeshifter)
  A yaktaur (Volcano)
  3 freezing wraiths
  2 efreet
  2 ice devils (Lair:1)
  A redback zombie (D:15)
  5 trolls
  8 tyrant leeches
  2 bloated husks
  6 polar bears
  6 hornets
  A harpy skeleton (D:15)
  4 spectral swamp dragons (Swamp:2)
  3 dream sheep (Lair:5)
  Prince Ribbit (D:6)
  A meliai zombie (Gauntlet)
  A spectral meliai (Gauntlet)
  5 alligator zombies (Swamp:2)
  13 slime creatures
  12 blink frogs
  2 centaur simulacra
  5 spriggans
  A jumping spider (Orc:1)
  4 hogs (D:10)
  64 yaks
  2 tyrant leech zombies (Swamp:2)
  A vampire (D:12)
  2 wraiths (D:12)
  7 wyverns
  A human (D:10)
  2 fire elementals (Orc:2)
  8 basilisks
  A steam dragon (D:9)
  24 vampire mosquitoes
  3 fire bats (Gauntlet)
  A harpy simulacrum (Lair:1)
  2 wargs
  A hell hound (Orc:2)
  13 swamp worms
  Duvessa (D:6)
  14 water moccasins
  A floating eye (Lair:4)
  3 acid dragons
  3 black bears
  10 swamp drakes
  40 orc warriors
  4 ice beasts
  A sky beast (D:7)
  9 ogres
  15 centaurs
  22 wolves
  2 phantoms (D:6)
  6 kobold brigands
  2 gnoll sergeants
  16 bullfrogs
  An entropy weaver simulacrum (Lair:1)
  2 scorpions (D:7)
  3 two-headed ogre simulacra
  8 wights
  Dowan (D:6)
  2 spriggan zombies (Swamp:2)
  9 killer bees
  6 jellies
  6 electric eels
  A crimson imp (D:5)
  A howler monkey (D:7)
  5 hounds
  2 gnoll boudas
  14 orc priests
  Jessica (D:3)
  A boggart zombie (D:15)
  2 iguanas
  A sleepcap (D:6)
  Ijyb (D:3)
  26 orc wizards
  A spriggan simulacrum (D:11)
  A boggart skeleton (D:15)
  2 polar bear simulacra (Lair:1)
  Robin (D:3)
  24 gnolls
  2 naga simulacra
  5 adders
  5 white imps
  A worm (D:7)
  3 dart slugs
  77 orcs
  2 endoplasms
  3 giant cockroaches
  26 goblins
  10 hobgoblins
  39 kobolds
  5 quokkas
  7 ball pythons
  6 bats
  17 frilled lizards
  6 rats
943 creatures vanquished.

Vanquished Creatures (collateral kills)
  Azrael (Orc:2)
  A fire elemental (Orc:2)
  A hell hound (Orc:2)
  An orc warrior (D:12)
  A wolf (Lair:1)
  A bullfrog (Orc:2)
  A jelly (Orc:2)
  4 orc priests (D:12)
  4 orc wizards
  A worm (Orc:2)
  An orc (D:12)
  A ball python (Orc:2)
18 creatures vanquished.

Vanquished Creatures (others)
  A hornet (Swamp:4)
  A jelly (Swamp:4)
  2 kobolds (D:8)
  46 foxfires
50 creatures vanquished.

Grand Total: 1011 creatures vanquished

Notes
Turn   | Place    | Note
-------+----------+-------------------------------------------
     0 | D:1      | Hubris850 the Hill Orc Fighter began the quest for the Orb.
     0 | D:1      | Reached XP level 1. HP: 19/19 MP: 1/1
   149 | D:1      | Reached XP level 2. HP: 27/27 MP: 2/2
   190 | D:1      | Reached skill level 3 in Axes
   823 | D:1      | Reached XP level 3. HP: 33/33 MP: 3/3
  1195 | D:2      | Reached skill level 1 in Throwing
  1639 | D:3      | Noticed Jessica
  1646 | D:3      | Killed Jessica
  1647 | D:3      | Reached XP level 4. HP: 36/40 MP: 4/4
  1674 | D:3      | Noticed Ijyb
  1688 | D:3      | Killed Ijyb
  2000 | D:3      | Reached XP level 5. HP: 47/47 MP: 5/5
  2007 | D:3      | Noticed Robin
  2026 | D:3      | Killed Robin
  2352 | D:4      | Reached skill level 4 in Axes
  2568 | D:4      | Reached XP level 6. HP: 26/53 MP: 6/6
  2804 | D:4      | Reached skill level 5 in Fighting
  2858 | D:4      | Reached XP level 7. HP: 35/61 MP: 7/7
  2861 | D:4      | Reached skill level 5 in Axes
  3341 | D:5      | Entered Level 5 of the Dungeon
  3389 | D:5      | Found a radiant altar of Vehumet.
  3471 | D:5      | Reached skill level 5 in Armour
  3471 | D:5      | Reached skill level 5 in Shields
  3529 | D:5      | Found a shimmering altar of Xom.
  3529 | D:5      | Found a burning altar of Makhleb.
  3937 | D:5      | Identified the +3 whip of the Forgotten Wonders {chaos,
                  | *Slow rF++ Str+5}
  4100 | D:6      | Reached skill level 6 in Axes
  4386 | D:6      | Reached XP level 8. HP: 64/68 MP: 8/8
  4414 | D:6      | Noticed Dowan
  4415 | D:6      | Noticed Duvessa
  4416 | D:6      | Reached skill level 7 in Axes
  4436 | D:6      | Killed Dowan
  4437 | D:6      | Killed Duvessa
  4531 | D:6      | Found Xausutu's Distillery.
  4644 | D:6      | Reached skill level 8 in Axes
  4644 | D:6      | Reached skill level 5 in Throwing
  4671 | D:6      | Found Mavan's Jewellery Emporium.
  4706 | D:6      | Found Zohit's Weapon Shop.
  4759 | D:6      | Found a staircase to the Ecumenical Temple.
  4768 | Temple   | Entered the Ecumenical Temple
  4905 | Temple   | Became a worshipper of Nemelex Xobeh the Trickster
  4955 | D:6      | Reached skill level 1 in Invocations
  5082 | D:6      | Found Toizanue's General Store.
  5082 | D:6      | Noticed Prince Ribbit
  5103 | D:6      | Killed Prince Ribbit
  5126 | D:6      | Found Paerghecs's Jewellery Shoppe.
  5581 | D:7      | Reached XP level 9. HP: 61/74 MP: 11/11
  5593 | D:7      | Reached skill level 9 in Axes
  5626 | D:7      | Found a flagged portal.
  5659 | D:7      | Reached skill level 5 in Invocations
  5788 | D:6      | Bought a +2 broad axe of freezing for 288 gold pieces
  5902 | D:7      | Reached skill level 10 in Axes
  5905 | D:7      | Identified the staff of Yeast {rC+ Str+3 Ice}
  5914 | Bailey   | Entered a bailey
  5919 | Bailey   | Noticed an orc warlord
  6105 | Bailey   | Found a runed translucent gate.
  6105 | Bailey   | Found a runed translucent gate.
  6105 | Bailey   | Found a runed translucent gate.
  6323 | Bailey   | an orc warlord changed into a death yak
  6323 | Bailey   | Noticed a death yak
  6333 | Bailey   | Killed a death yak
  6334 | Bailey   | Reached skill level 11 in Axes
  6334 | Bailey   | Reached XP level 10. HP: 20/81 MP: 13/15
  6524 | Bailey   | Identified the staff "Bietanio" {Drain rN+ Int+7 Necro}
  6534 | Bailey   | Acquired the ring "Qocal" {Wiz Fly rPois Int+2 Slay+3}
  6625 | D:7      | Reached * piety under Nemelex Xobeh
  6902 | D:7      | Found a snail-covered altar of Cheibriados.
  7173 | D:8      | Received a gift from Nemelex Xobeh
  7179 | D:8      | Found an opulent altar of Gozag.
  7188 | D:8      | Reached skill level 12 in Axes
  7229 | D:8      | Found a shimmering blue altar of Sif Muna.
  7292 | D:8      | Noticed Maurice
  7305 | D:8      | Killed Maurice
  7393 | D:8      | Found a staircase to the Lair.
  7727 | D:8      | Reached skill level 13 in Axes
  7997 | D:8      | Received a gift from Nemelex Xobeh
  8033 | D:8      | Reached ** piety under Nemelex Xobeh
  8050 | D:8      | Acquired the +5 kite shield of Ignis's Envy {rPois Will+}
  8144 | D:8      | Reached skill level 10 in Invocations
  8318 | D:8      | Reached XP level 11. HP: 61/86 MP: 17/19
  8430 | D:8      | Reached skill level 14 in Axes
  8933 | Lair:1   | Entered Level 1 of the Lair of Beasts
  8933 | Lair:1   | Noticed Amaemon
  8940 | Lair:1   | Reached skill level 15 in Axes
  8949 | Lair:1   | Killed Amaemon
  9030 | Lair:1   | Received a gift from Nemelex Xobeh
  9233 | Lair:1   | Reached skill level 16 in Axes
  9624 | Lair:1   | Reached XP level 12. HP: 61/100 MP: 20/20
 10246 | Lair:1   | Reached *** piety under Nemelex Xobeh
 10247 | Lair:1   | Found the +6 shillelagh "Devastator" {shatter}
 10295 | Lair:1   | Noticed a catoblepas
 10321 | Lair:1   | Killed a catoblepas
 10563 | Lair:1   | Received a gift from Nemelex Xobeh
 10855 | Lair:2   | Received a gift from Nemelex Xobeh
 11190 | Lair:2   | Reached skill level 17 in Axes
 11214 | Lair:2   | Reached **** piety under Nemelex Xobeh
 11444 | Lair:2   | Found a staircase to the Swamp.
 11866 | Lair:3   | Noticed a catoblepas
 11902 | Lair:3   | Killed a catoblepas
 12061 | Lair:3   | Noticed a six-headed hydra
 12072 | Lair:3   | Killed a three-headed hydra
 12415 | Lair:3   | Received a gift from Nemelex Xobeh
 12440 | Lair:3   | Found a staircase to the Snake Pit.
 12456 | Lair:3   | Noticed a catoblepas
 12462 | Lair:3   | Killed a catoblepas
 12463 | Lair:3   | Reached skill level 18 in Axes
 12619 | Lair:3   | Reached ***** piety under Nemelex Xobeh
 12982 | Lair:4   | Reached XP level 13. HP: 108/108 MP: 21/21
 13096 | Lair:4   | Reached skill level 19 in Axes
 13107 | Lair:4   | Paralysed by a floating eye for 2 turns
 13422 | Lair:4   | Found a staircase to the Slime Pits.
 13422 | Lair:4   | Found a viscous altar of Jiyva.
 13533 | Lair:4   | Received a gift from Nemelex Xobeh
 13558 | Lair:4   | Reached skill level 20 in Axes
 14183 | Lair:5   | Entered Level 5 of the Lair of Beasts
 14270 | Lair:5   | Received a gift from Nemelex Xobeh
 14408 | Lair:5   | Reached skill level 1 in Evocations
 14551 | Lair:5   | Received a gift from Nemelex Xobeh
 14825 | Lair:5   | Reached XP level 14. HP: 104/119 MP: 22/22
 15017 | Lair:5   | Received a gift from Nemelex Xobeh
 15221 | Lair:5   | Reached ****** piety under Nemelex Xobeh
 15269 | Lair:5   | Received a gift from Nemelex Xobeh
 15490 | Lair:5   | Reached skill level 5 in Evocations
 15896 | Lair:5   | Got Egobaxui's Vademecum on the Gathered Map
 15897 | Lair:5   | Identified the +6 falchion "Itos" {heavy, Dex+4}
 16114 | Lair:5   | Upgraded the game from 0.31-a0-431-g88bdf31460 to
                  | 0.31-a0-435-g2c6fae2916
 16839 | D:9      | Identified the +9 plate armour "Uzeuptes" {Slay+5 Stlth+}
 16854 | D:9      | Received a gift from Nemelex Xobeh
 17048 | D:9      | Noticed a purple very ugly thing
 17059 | D:9      | Killed a purple very ugly thing
 17077 | D:9      | Found a white marble altar of Elyvilon.
 17530 | D:9      | Received a gift from Nemelex Xobeh
 17641 | D:10     | Entered Level 10 of the Dungeon
 17708 | D:10     | Found a glowing golden altar of the Shining One.
 17856 | D:10     | Received a gift from Nemelex Xobeh
 17931 | D:10     | Found Fefew's Antique Artefacts.
 17939 | D:10     | Bought a scorched brass ring for 125 gold pieces
 17939 | D:10     | Identified the ring of Qijetuh {rPois Stlth+} (You bought
                  | it in a shop on level 10 of the Dungeon)
 17939 | D:10     | Bought a pair of glimmering boots for 237 gold pieces
 17939 | D:10     | Identified the +0 pair of boots of the Unseen Realm {-Tele
                  | rC- Will+ Dex+9} (You bought it in a shop on level 10 of
                  | the Dungeon)
 17940 | D:10     | Found a stormy altar of Qazlal.
 18124 | D:10     | Received a gift from Nemelex Xobeh
 18516 | D:11     | Received a gift from Nemelex Xobeh
 18764 | D:11     | Received a gift from Nemelex Xobeh
 18834 | D:11     | Identified the +1 pair of gloves of Deocw {Int+4}
 18874 | D:11     | Found Wen Juk's Jewellery Boutique.
 19342 | D:11     | Received a gift from Nemelex Xobeh
 19807 | D:12     | Reached XP level 15. HP: 72/126 MP: 26/26
 19808 | D:12     | Reached skill level 15 in Invocations
 20383 | D:12     | Received a gift from Nemelex Xobeh
 20494 | D:12     | Found a staircase to the Orcish Mines.
 20665 | D:12     | Found Duatteik's Magic Scroll Emporium.
 20938 | Orc:1    | Entered Level 1 of the Orcish Mines
 20940 | Orc:1    | Received a gift from Nemelex Xobeh
 20991 | Orc:1    | Found a roughly hewn altar of Beogh.
 21189 | Orc:1    | Received a gift from Nemelex Xobeh
 21369 | Orc:1    | Received a gift from Nemelex Xobeh
 21477 | Orc:1    | Found a transporter.
 21596 | Orc:1    | Found a transporter.
 21597 | Orc:1    | Noticed an orc warlord
 21607 | Orc:1    | Noticed Goigh's ghost (journeyman GnWn)
 21739 | Orc:1    | an orc warlord changed into a minotaur
 21742 | Orc:1    | Found a one-way gate to the infinite horrors of the Abyss.
 21769 | Orc:1    | Killed Goigh's ghost
 21870 | Orc:2    | Entered Level 2 of the Orcish Mines
 21931 | Orc:2    | Found Vaokozas's Assorted Antiques.
 21972 | Orc:2    | Found Los Keif's General Store.
 21984 | Orc:2    | Found Wiup's Antique Armour Boutique.
 22031 | Orc:2    | Received a gift from Nemelex Xobeh
 22034 | Orc:2    | Found Hexy's Magic Scroll Emporium.
 22105 | Orc:2    | Found a staircase to the Elven Halls.
 22147 | Orc:2    | Found Nah Kitu's Distillery.
 22325 | Orc:2    | Found a dark tunnel.
 22341 | Volcano  | Entered a volcano
 22611 | Orc:2    | Bought a pair of brightly glowing boots for 247 gold pieces
 22611 | Orc:2    | Identified the +0 pair of boots of Buuxeymeku {Stlth+} (You
                  | bought it in a shop on level 2 of the Orcish Mines)
 22647 | Orc:2    | Reached skill level 10 in Throwing
 22674 | Orc:2    | Found Arogafock's Magic Scroll Boutique.
 22674 | Orc:2    | Found Ateutt's General Store.
 22677 | Orc:2    | Found Fonwiag's Antique Armour Shop.
 22677 | Orc:2    | Found Italinn's Armour Shop.
 22706 | Orc:2    | Bought a jewelled tower shield for 332 gold pieces
 22706 | Orc:2    | Identified the +4 tower shield of the Solstice {Harm
                  | Stlth+} (You bought it in a shop on level 2 of the Orcish
                  | Mines)
 22706 | Orc:2    | Bought a masterwork buckler for 332 gold pieces
 22706 | Orc:2    | Identified the +1 buckler of Noxious Wonder {rPois rN+
                  | Will+++ Dex-5} (You bought it in a shop on level 2 of the
                  | Orcish Mines)
 22722 | Orc:2    | Noticed Azrael
 22729 | Orc:2    | Killed Azrael
 22902 | Orc:2    | Found a runed translucent door.
 22903 | Orc:2    | Found a shimmering altar of Xom.
 22903 | Orc:2    | Noticed rabbitsville's ghost (journeyman HOCj)
 22903 | Orc:2    | Found the +6 lightning scales {swift, rElec}
 22904 | Orc:2    | Identified the +5 glaive of Wushet {chaos, rN+ Int+3}
 22924 | Orc:2    | Killed rabbitsville's ghost
 22925 | Orc:2    | Reached skill level 10 in Armour
 23799 | D:13     | Received a gift from Nemelex Xobeh
 23855 | D:13     | Found a gate to the Vaults.
 23896 | D:13     | Received a gift from Nemelex Xobeh
 23995 | D:13     | Found a gate leading to a gauntlet.
 24014 | Gauntlet | Entered a Gauntlet
 24014 | Gauntlet | Found a transporter.
 24017 | Gauntlet | Found a transporter.
 24019 | Gauntlet | Found a transporter.
 24035 | Gauntlet | Found a transporter.
 24036 | Gauntlet | Found a transporter.
 24042 | Gauntlet | Received a gift from Nemelex Xobeh
 24045 | Gauntlet | Found a transporter.
 24061 | Gauntlet | Found a transporter.
 24071 | Gauntlet | Found a transporter.
 24084 | Gauntlet | Found a transporter.
 24095 | Gauntlet | Found a transporter.
 24104 | Gauntlet | Found a transporter.
 24106 | Gauntlet | Found a transporter.
 24199 | Gauntlet | Found a transporter.
 24249 | Gauntlet | Identified the +1 pair of boots of the Blue Moon {rF+
                  | Will+++ Str-2 Slay+2}
 25187 | D:13     | Received a gift from Nemelex Xobeh
 25670 | D:13     | Reached skill level 10 in Shields
 25764 | D:13     | Reached XP level 16. HP: 106/127 MP: 27/27
 26399 | D:14     | Received a gift from Nemelex Xobeh
 26578 | D:14     | Found a white marble altar of Elyvilon.
 26881 | D:15     | Entered Level 15 of the Dungeon
 27458 | D:15     | Found a staircase to the Depths.
 27741 | D:15     | Found a white marble altar of Elyvilon.
 27891 | D:15     | Received a gift from Nemelex Xobeh
 28240 | Swamp:1  | Entered Level 1 of the Swamp
 28417 | Swamp:1  | Noticed Mlioglotl
 28431 | Swamp:1  | Killed Mlioglotl
 28630 | Swamp:1  | Identified the +1 leather armour of the Beginning {rElec
                  | rC+ Int+3 Dex-4}
 28632 | Swamp:1  | Noticed Donald
 28633 | Swamp:1  | Killed Donald
 28869 | Swamp:1  | Reached skill level 15 in Shields
 29113 | Swamp:1  | Received a gift from Nemelex Xobeh
 29366 | Swamp:2  | Reached XP level 17. HP: 130/139 MP: 28/28
 29574 | Swamp:2  | Received a gift from Nemelex Xobeh
 29949 | Swamp:2  | Got the Secrets of Singed Spooky Acts
 30175 | Swamp:2  | Noticed Louise
 30193 | Swamp:2  | Killed Louise
 30578 | Swamp:3  | Received a gift from Nemelex Xobeh
 30719 | Swamp:3  | Identified the +2 pair of gloves of Yredelemnul's Respect
                  | {+Blink rF- Int+3 Dex+2}
 31073 | Swamp:4  | Entered Level 4 of the Swamp
 31199 | Swamp:4  | Killed from afar by an ice dragon

Illustrated notes

Levels and vault maps discovered:
D:1:      dpeg_arrival_morbid_curiosity, layout_loops_ring
D:2:      layout_rooms, item_on_display_a
D:3:      layout_rooms, uniq_ijyb, uniq_robin, uniq_jessica
D:4:      layout_rooms, nicolae_the_louvre
D:5:      layout_basic, mainiacjoe_overflow_chevrons,
          grunt_temple_overflow_champion_of_chaos, minmay_misc_feat_rows,
          kennysheep_generic_room_14
D:6:      lemuel_ice_spiral_2, layout_basic, minmay_temple_entry_glass,
          serial_shops, nicolae_shop_just_a_little_nook, kennysheep_mini_moat,
          nicolae_shop_tiny_waterfront, nicolae_diamond_shop,
          nicolae_shop_statue_plus, dk_noncrumbling_3, grunt_ministairs_4,
          minmay_lizard_king, uniq_duvessa, uniq_prince_ribbit1
D:7:      layout_cave_pools, slow_altar_1, lightli_bailey_entry_fortress,
          chequers_jeans
D:8:      layout_gridville, grunt_temple_overflow_open, erik_lair_island,
          nicolae_two_hexagons, uniq_maurice
D:9:      layout_stronghold, mainiacjoe_overflow_surrounded_room,
          nicolae_rejected_hall
D:10:     layout_loops_ring, mainiacjoe_overflow_alcove_2,
          mainiacjoe_overflow_boulevard, grunt_livestock,
          nicolae_antique_artefacts
D:11:     layout_layer_cave, serial_shops, shop,
          portal_ice_cave_entry_ice_simulacra, minmay_misc_feat_room
D:12:     layout_roguey, david_orc_4, serial_shops, nicolae_shop_hallway_plus,
          minmay_misc_feat_enclosed, chequers_serial_rivers_micro_c
D:13:     layout_layer_cave, hellmonk_vaults_order_and_chaos,
          gauntlet_entry_generic, minmay_three_doors
D:14:     layout_roguey, old_standard_altar, ice2_lemuel
D:15:     grunt_enter_depths_magical_seal, layout_gridville, elyvilon_altar_3,
          serial_rivers, chequers_serial_rivers_small_a,
          chequers_serial_rivers_room_b, chequers_serial_rivers_micro_b,
          chequers_serial_rivers_room_a, chequers_serial_rivers_micro_d
Temple:   dshaligram_water_room_temple
Lair:1:   dreamdust_isle_of_ice, layout_concentric_octagons,
          serial_bayou_shore_a, infiniplex_staircase_pool_2, uniq_amaemon
Lair:2:   layout_gridlike, swamp_mist, chequers_serial_rivers_large_a
Lair:3:   layout_regular_city, dummy_snake_entry, forest_entry_grove
Lair:4:   layout_big_grid, minmay_slime_entry_eyes
Lair:5:   hangedman_lair_in_review, layout_layer_cave
Swamp:1:  layout_basic_swamp, evilmike_swamp_ruin_house_1, uniq_mlioglotl,
          uniq_donald
Swamp:2:  cheibrodos_swamp_mausoleum, layout_basic_swamp,
          nicolae_swamp_very_dense_foliage, swamp_pool1, uniq_louise
Swamp:3:  layout_falls_marsh, nicolae_swamp_feature_on_the_river_bank,
          swamp_pool5
Swamp:4:  swamp, layout_basic_swamp, swamp_pool1, uniq_aizul
Orc:1:    layout_caves, basic_altar, gammafunk_ghost_abyssal_escape
Orc:2:    st_orc_mages, layout_diamond_mine, ebering_ghost_xom,
          nicolae_volcano_entry_vermiform, serial_shops, nicolae_lakefront_shop,
          shop, nicolae_shop_overgrown_old_shop, shop,
          nicolae_shop_temple_entry_statues_fountains, uniq_azrael

Skill      XL: |  1  2  3  4  5  6  7  8  9 10 11 12 13 14 15 16 17 |
---------------+----------------------------------------------------+-----
Axes           | 3 4 6 8 11 13 16 18 20 | 20.0
Fighting       | 4 5 7 8 9 |  9.9
Throwing       | 1 2 4 5 7 10 | 10.0
Armour         | 4 5 6 8 9 11 | 11.9
Shields        | 4 5 8 9 10 15 19 | 19.1
Invocations    | 3 7 10 11 14 15 | 15.0
Evocations     | 3 8 9 |  9.0

Action                     |  1- 3 |  4- 6 |  7- 9 | 10-12 | 13-15 | 16-18 || total
---------------------------+-------+-------+-------+-------+-------+-------++-------
  Melee: War axe           |   142 |   211 |   259 |       |       |       ||   612
         Broad axe         |       |       |    69 |    12 |    32 |   467 ||   580
         Battleaxe         |       |       |       |   232 |   473 |       ||   705
         Shillelagh        |       |       |       |    75 |   250 |    45 ||   370
         Hand axe          |       |       |       |     6 |       |       ||     6
  Throw: Boomerang         |       |     1 |    36 |    56 |    65 |   248 ||   406
         Javelin           |       |       |       |       |       |     9 ||     9
 Invoke: Draw Destruction  |       |       |       |     7 |    25 |    13 ||    45
         Draw Escape       |       |       |       |     1 |       |     3 ||     4
         Draw Summoning    |       |       |       |       |     2 |     1 ||     3
         Deal Four         |       |       |       |       |     4 |     2 ||     6
         Triple Draw       |       |       |       |       |     1 |       ||     1
Ability: Evoke Invisibilit |       |       |       |       |     1 |       ||     1
  Evoke: Wand              |       |       |    14 |     1 |       |       ||    15
         Lightning rod     |       |       |       |       |       |     2 ||     2
    Use: Scroll            |     8 |     3 |     3 |    10 |     7 |     6 ||    37
         Potion            |     1 |     3 |     1 |     3 |     3 |       ||    11
   Stab: Petrified         |       |       |       |     1 |       |       ||     1
         Invisible         |       |       |       |       |     2 |       ||     2
 Armour: Scale mail        |    62 |       |       |       |       |       ||    62
         Plate armour      |     5 |   135 |   119 |   163 |   371 |   154 ||   947
  Dodge: Dodged            |    74 |    97 |   271 |   191 |   326 |    77 ||  1036
  Block: Buckler           |    30 |    39 |    85 |       |       |       ||   154
         Kite shield       |       |       |       |    50 |   169 |   301 ||   520
         Other             |       |       |       |       |     7 |       ||     7
         Reflection        |       |       |       |       |     5 |    24 ||    29
         Tower shield      |       |       |       |       |       |    98 ||    98

Table legend: (Time is in decaauts)
 A = Elapsed time spent in this place.
 B = Non-inter-level travel time spent in this place.
 C = Inter-level travel time spent in this place.
 D = Time resting spent in this place.
 E = Time spent auto-exploring this place.
 F = Levels seen in this place.
 G = Mean time per level.
                   A        B        C        D        E       F      G
               +--------+--------+--------+--------+--------+-----+--------+
         Total |  31080 |  28985 |   2095 |   3754 |  18290 |  30 | 1036.0 |
       Dungeon |  17227 |  15584 |   1643 |   2083 |  10186 |  15 | 1148.5 |
        Temple |    158 |    158 |      0 |      0 |      0 |   1 |  158.0 |
          Lair |   7339 |   6989 |    350 |    915 |   4949 |   5 | 1467.8 |
         Swamp |   2851 |   2814 |     37 |    212 |   1822 |   4 |  712.8 |
  Orcish Mines |   2233 |   2168 |     65 |     33 |   1278 |   2 | 1116.5 |
        Bailey |    638 |    638 |      0 |    327 |      0 |   1 |  638.0 |
       Volcano |    171 |    171 |      0 |      0 |     55 |   1 |  171.0 |
      Gauntlet |    459 |    459 |      0 |    183 |      0 |   1 |  459.0 |
               +--------+--------+--------+--------+--------+-----+--------+

Top non-repeatable levels by time:
  Lair:1: 2040 daAuts
  Lair:5: 1909 daAuts
     D:8: 1749 daAuts
     D:6: 1610 daAuts
     D:9: 1535 daAuts
    D:13: 1496 daAuts
    D:12: 1356 daAuts
    D:11: 1341 daAuts
   Orc:2: 1312 daAuts
  Lair:3: 1309 daAuts
  Lair:4: 1202 daAuts
 Swamp:2: 1196 daAuts
    D:15: 1138 daAuts
     D:4: 1093 daAuts
     D:1: 997 daAuts
